cohdb
Replays
Latest Replays
All Replays
Popular Replays
Top Player Replays
Match Explorer
How It Works
Community
CoH3 Stats
Reddit
Sign in to upload your games and track your stats! →
Sign in with Steam
Match 40827488
Unlisted
Match 40827488
Overview
Messages
Build Orders
End
Construct Section Command Post
Dingo Light Scout Car
Infantry Section
Infantry Section
Infantry Section
Construct Platoon Command Post
Unlock M3 Stuart Light Tanks
M3 Stuart Light Tank
M3 Stuart Light Tank
M3 Stuart Light Tank
Light Vehicle Training
Construct Company Command Post
Selects Indian Artillery Battlegroup
Selects Artillery Saturation
Selects Off-map Airburst Barrage
Selects BL5.5 Artillery Emplacement
Off-map Airburst Barrage
Off-map Airburst Barrage
Foot Guards Section
Unlock M3 Grant Medium Tanks
Selects Valour
Selects Gurkha Rifles Section
M3 Grant Medium Tank
Foot Guards Section
Royal Engineer Section
Off-map Airburst Barrage
M3 Grant Medium Tank
Selects Volunteer Infantry
M3 Grant Medium Tank
Off-map Airburst Barrage
M3 Grant Medium Tank
Off-map Airburst Barrage
M3 Grant Medium Tank
Armored Vehicle Training
Off-map Airburst Barrage
M3 Grant Medium Tank
Infantry Training
カルト_くん
Wittman
Rolo
L1mbo
MajorZ14
juand400
chad
iExploze
0
0
Comments
sign in to comment!
No comments posted yet!